 Dungeon Crawl Stone Soup version 0.28.0-47-ge53b351184 (webtiles) character file.

Game seed: 5480765778668725379

1057 Bruhh the Magician (level 8, -6/50 HPs)
             Began as a Djinni Fire Elementalist on Apr 30, 2022.
             Mangled by a lemure (8 damage)
             ... led by Pikel
             ... on level 5 of the Dungeon.
             The game lasted 00:10:03 (4776 turns).

Bruhh the Magician (Djinni Fire Elementalist)       Turns: 4776, Time: 00:10:05

Health: -6/50      AC:  5    Str:  7    XL:     8   Next: 51%
Gold:   175        EV: 10    Int: 20    God:
                   SH:  0    Dex: 13

rFire   + + .      SeeInvis .   m - +5 long sword
rCold   x . .      Faith    .   (no shield)
rNeg    . . .      Spirit   .   o - +0 ring mail
rPois   ∞          Reflect  .   (no helmet)
rElec   .          Harm     .   (no cloak)
rCorr   .          Rampage  .   (no gloves)
Will    .....                   (boots unavailable)
Stlth   ..........              e - amulet of regeneration
HPRegen 0.96/turn               (no ring)
MPRegen 0.00/turn               (no ring)

@: confused, ambrosia-drunk, flying
A: sickness immunity, fire resistance 2, cold vulnerability 1, float, innate
caster, HP casting, extra vitality 1
a: no special abilities


You were on level 5 of the Dungeon.
You visited 1 branch of the dungeon, and saw 5 of its levels.

You collected 175 gold pieces.

Inventory:

Hand Weapons
 c - a +2 short sword of venom
 m - a +5 long sword (weapon)
Missiles
 r - a throwing net
Armour
 a - a +0 robe
 o - a +0 ring mail (worn)
 x - +0 steam dragon scales
Jewellery
 e - an amulet of regeneration (around neck)
 h - a ring of see invisible
 j - a ring of fire
 n - a +4 ring of evasion
 q - a +6 ring of dexterity
 s - an amulet of regeneration
Wands
 l - a wand of paralysis (6)
Scrolls
 f - 2 scrolls of blinking {unknown}
 g - a scroll of noise {unknown}
 i - a scroll of amnesia {unknown}
 k - 5 scrolls of identify {unknown}
 p - 2 scrolls of vulnerability {unknown}
 t - a scroll of holy word {unknown}
 w - a scroll of silence {unknown}
Potions
 b - a potion of might {unknown}
 d - a potion of degeneration {unknown}
 u - 2 potions of ambrosia
 v - a potion of curing {unknown}


   Skills:
 - Level 3.1 Dodging
 - Level 2.3 Stealth
 + Level 7.3 Spellcasting


You had 2 spell levels left.
You knew the following spells:

 Your Spells              Type           Power      Damage    Failure   Level
a - Foxfire               Conj/Fire      100%       2x1d9     1%          1
b - Scorch                Fire           72%        2d9       2%          2
c - Conjure Flame         Conj/Fire      36%        6-21      4%          3
d - Inner Flame           Hex/Fire       36%        N/A       4%          3
e - Flame Wave            Conj/Fire      36%        2d9       16%         4
f - Slow                  Hex            100%       N/A       1%          1
g - Call Imp              Summ           36%        N/A       2%          2
h - Confusing Touch       Hex            36%        N/A       4%          3
Your spell library was empty.

Dungeon Overview and Level Annotations

Branches:
Dungeon (5/15)
 Temple: D:4-7

Altars:
Cheibriados
Yredelemnul
Zin

Annotations:
D:5 Pikel


Innate Abilities, Weirdness & Mutations

You are immune to sickness and miasma.
You are immune to poison.
Your flesh is very heat resistant. (rF++)
You are vulnerable to cold. (rC-)
You float through the air rather than walking.
You learn spells naturally, not from books.
Your magical power is your life essence.
You have superior vitality. (+4 MHP)


Message History

You hit Pikel but do no damage.
Pikel is heavily wounded.
The lemure hits you.
Pikel hits you with a +2 whip of freezing.
* * * LOW HITPOINT WARNING * * *
Pikel freezes you.
* * * LOW HITPOINT WARNING * * *
The lemure hits you.
* * * LOW HITPOINT WARNING * * *
The lemure barely misses you.
The lemure is no longer more vulnerable to fire.
Pikel says, "You'll feel the lick of my whip!"
Okay, then.
It was a potion of ambrosia.
You are confused.
You feel invigorated.
Your hands stop glowing.
Pikel hits you with a +2 whip of freezing.
Pikel freezes you. The lemure barely misses you. The lemure hits you.
Pikel closely misses you.
You miss the lemure.
The lemure is severely wounded.
The lemure hits you. Pikel closely misses you. The lemure hits you!
* * * LOW HITPOINT WARNING * * *
The lemure hits you.
* * * LOW HITPOINT WARNING * * *
The dart slug briefly extends its eye-stalks.
Pikel hits you with a +2 whip of freezing.
* * * LOW HITPOINT WARNING * * *
Pikel freezes you.
* * * LOW HITPOINT WARNING * * *
The lemure barely misses you.
You hit the lemure.
The lemure is moderately wounded.
The lemure misses you. The lemure hits you.
* * * LOW HITPOINT WARNING * * *
Pikel closely misses you. The lemure hits you.
* * * LOW HITPOINT WARNING * * *
The lemure hits you!
You die...

#######
##5....##
##@5.....##
#55K......#
#.........#
#.........#
#.w.......#
#.........#
####.........#
#.##.........#
#
##.##.........#


You could see Pikel (inner flame), 4 lemures and a dart slug.

Vanquished Creatures
  A steam dragon (D:5)
  A hornet zombie (D:5)
  An ogre (D:4)
  A scorpion (D:5)
  A water moccasin skeleton (D:5)
  5 wights (D:3)
  A bullfrog zombie (D:4)
  3 hounds
  An orc priest (D:4)
  4 iguanas
  Ijyb (D:3)
  4 gnolls
  4 adders
  2 worms
  8 dart slugs
  9 orcs
  2 bats (D:1)
  An endoplasm (D:1)
  2 giant cockroaches
  5 goblins
  11 hobgoblins
  9 jackals
  2 kobolds (D:1)
  4 quokkas
  11 ball pythons
  4 frilled lizards
  10 rats
108 creatures vanquished.

Vanquished Creatures (others)
  64 foxfires
64 creatures vanquished.

Grand Total: 172 creatures vanquished

Notes
Turn   | Place    | Note
-------+----------+-------------------------------------------
     0 | D:1      | Bruhh the Djinni Fire Elementalist began the quest for the
                  | Orb.
     0 | D:1      | Reached XP level 1. HP: 15/15 MP: 0/0
   203 | D:1      | Reached XP level 2. HP: 11/21 MP: 0/0
   764 | D:1      | Reached XP level 3. HP: 18/25 MP: 0/0
   764 | D:1      | Learned a level 1 spell: Slow
  1828 | D:2      | Reached XP level 4. HP: 29/31 MP: 0/0
  2197 | D:3      | Found a faded altar of an unknown god.
  2307 | D:3      | Noticed Ijyb
  2313 | D:3      | Killed Ijyb
  2314 | D:3      | Reached skill level 3 in Spellcasting
  2398 | D:3      | Reached XP level 5. HP: 27/35 MP: 0/0
  2398 | D:3      | Learned a level 2 spell: Call Imp
  2422 | D:3      | Found a snail-covered altar of Cheibriados.
  2558 | D:3      | Reached skill level 4 in Spellcasting
  2558 | D:3      | Reached XP level 6. HP: 33/40 MP: 0/0
  2567 | D:3      | Reached skill level 5 in Spellcasting
  2747 | D:3      | Found a basalt altar of Yredelemnul.
  2919 | D:4      | Reached XP level 7. HP: 19/45 MP: 0/0
  2919 | D:4      | Learned a level 3 spell: Confusing Touch
  3129 | D:4      | Reached skill level 6 in Spellcasting
  3591 | D:4      | Found a glowing silver altar of Zin.
  3738 | D:5      | Entered Level 5 of the Dungeon
  3740 | D:5      | Noticed Pikel
  3980 | D:5      | Reached XP level 8. HP: 13/50 MP: 0/0
  4367 | D:5      | Reached skill level 7 in Spellcasting
  4776 | D:5      | HP: 2/50 [lemure[Pikel] (5)]
  4776 | D:5      | Mangled by a lemure

Illustrated notes

Levels and vault maps discovered:
D:1:      lemuel_arrival_broad_hall, layout_loops_cross, st_stairs_1
D:2:      layout_basic
D:3:      layout_basic, mainiacjoe_overflow_alcove_2, kennysheep_slug_shrine,
          hellmonk_ecumenical_altar_pennies_from_heaven,
          kennysheep_small_spiral, uniq_ijyb
D:4:      layout_basic, mainiacjoe_overflow_alcove_4,
          nicolae_elevator_lobby_asterisk
D:5:      cheibrodos_fzero, layout_rooms, vehumet_crystals,
          nicolae_gozag_zags_fifth_avenue, uniq_pikel

Skill      XL: |  1  2  3  4  5  6  7  8 |
---------------+-------------------------+-----
Stealth        | 2 |  2.3
Dodging        | 3 |  3.1
Spellcasting   | 3 4 5 6 7 |  7.3

Action                   |  1- 3 |  4- 6 |  7- 9 || total
-------------------------+-------+-------+-------++-------
Melee: Short sword       |    14 |     8 |       ||    22
       Long sword        |       |    17 |    21 ||    38
       Punch             |       |       |     1 ||     1
 Cast: Foxfire           |    33 |       |     4 ||    37
       Scorch            |    24 |    35 |    48 ||   107
       Inner Flame       |       |     3 |     8 ||    11
       Call Imp          |       |     1 |       ||     1
       Confusing Touch   |       |       |     6 ||     6
       Flame Wave        |       |       |     1 ||     1
  Use: Potion            |       |       |     1 ||     1
 Stab: Sleeping          |     1 |     1 |       ||     2
       Confused          |       |       |     2 ||     2
Armor: Robe              |     4 |     2 |       ||     6
       Ring mail         |       |       |    11 ||    11
Dodge: Dodged            |    18 |    28 |    37 ||    83
